 Dungeon Crawl Stone Soup version 0.29.1-12-g30fa7ad0bf (webtiles) character file.

Game seed: 15055614634872702691

588 Zekkers the Sneak (level 7, -6/32 HPs)
             Began as a Spriggan Venom Mage on Dec 17, 2022.
             Was an Initiate of Ashenzari.
             Killed from afar by an acid dragon (23 damage)
             ... with a splash of acid
             ... on level 6 of the Dungeon on Dec 18, 2022.
             The game lasted 00:50:13 (7566 turns).

Zekkers the Sneak (Spriggan Venom Mage)             Turns: 7566, Time: 00:50:14

Health: -6/32      AC:  2    Str:  4    XL:     7   Next: 15%
Magic:  12/13      EV: 18    Int: 24    God:    Ashenzari [......]
Gold:   175        SH:  0    Dex: 22    Spells: 3/13 levels left

rFire   . . .      SeeInvis +   s - +1 dagger (speed)
rCold   . . .      Faith    .   (no shield)
rNeg    . . .      Spirit   .   a - +0 robe
rPois   .          Reflect  .   m - +0 hat of Ashenzari's Monotheism {Evo, Cun} (curse)
rElec   .          Harm     .   (no cloak)
rCorr   .          Rampage  .   (gloves unavailable)
Will    +....                   (boots unavailable)
Stlth   ++++......              (no amulet)
HPRegen 0.10/turn               l - +6 ring of dexterity
MPRegen 0.13/turn               i - +6 ring of intelligence

@: very slightly contaminated, very quick
A: very small, no large weapons, unfitting armour, see invisible, speed 3
a: Renounce Religion, Shatter the Chains


You were on level 6 of the Dungeon.
You worshipped Ashenzari.
Ashenzari was noncommittal.
You visited 2 branches of the dungeon, and saw 7 of its levels.

You collected 283 gold pieces.
You spent 108 gold pieces at shops.

Inventory:

Hand Weapons
 s - a +1 dagger of speed (weapon)
Missiles
 c - 32 stones
 k - 3 poisoned darts
Armour
 a - a +0 robe (worn)
 m - the cursed +0 hat of Ashenzari's Monotheism (worn) {Evo, Cun}
   (You found it on level 1 of the Dungeon)

   It has a curse which improves the following skills: Evocations: Evocations.
   Cunning:   Dodging and Stealth.
 x - a +0 buckler
Jewellery
 i - a +6 ring of intelligence (right hand)
 l - a +6 ring of dexterity (left hand)
Scrolls
 d - a scroll of poison
 e - a scroll of immolation
 h - a scroll of fear
 j - 4 scrolls of teleportation
 n - a scroll of enchant weapon
 p - 3 scrolls of butterflies
 w - 3 scrolls of identify
Potions
 b - a potion of magic
 f - a potion of lignification
 g - 2 potions of flight
 o - 2 potions of mutation
 q - a potion of resistance
 r - 2 potions of haste
 t - a potion of brilliance
 u - a potion of curing
 v - a potion of berserk rage {unknown}
 z - a potion of might
 A - 2 potions of attraction {unknown}


   Skills:
 * Level 3.1 Short Blades
 - Level 2.7(3.1) Dodging
 - Level 5.9(6.3) Stealth
 - Level 3.9 Spellcasting
 * Level 0.2 Conjurations
 - Level 1.4 Transmutations
 - Level 2.0 Air Magic
 + Level 5.8 Poison Magic


You had 3 spell levels left.
You knew the following spells:

 Your Spells              Type           Power      Damage    Failure   Level
a - Poisonous Vapours     Pois/Air       46%        N/A       3%          2
b - Olgreb's Toxic Radia  Pois           32%        N/A       9%          4
c - Mephitic Cloud        Conj/Pois/Air  17%        N/A       10%         3
f - Sting                 Tmut/Pois      88%        1d7       2%          1

Your spell library contained the following spells:

 Spells                   Type           Power      Damage    Failure   Level
 Corpse Rot               Necr/Pois/Air  17%        N/A       32%         4


Dungeon Overview and Level Annotations

Branches:
Dungeon (6/15)             Temple (1/1) D:4

Altars:
Ashenzari
Cheibriados
Dithmenos
Elyvilon
Fedhas
Hepliaklqana
Kikubaaqudgha
Makhleb
Nemelex Xobeh
Okawaru
Qazlal
Ru
Sif Muna
Trog
Uskayaw
Vehumet
Wu Jian
Xom
Zin
The Shining One

Shops:
D:1 *

Annotations:
D:3 1 runed translucent door, Crazy Yiuf


Innate Abilities, Weirdness & Mutations

You are very small and have problems with some larger weapons.
You are too small for most types of armour.
You have supernaturally acute eyesight. (SInv)
You cover ground extremely quickly. (Speed+++)


Message History

The orc is almost dead.
The orc closely misses you.
You closely miss the orc.
The orc is almost dead.
The orc misses you.
You hit the orc.
You kill the orc!
Things that are here:
a +1 falchion of holy wrath; a +0 leather armour
There is a stone staircase leading down here.
You climb downwards.
Found a stone staircase leading down.
There is a stone staircase leading up here.
Magic restored.
You now have 132 gold pieces (gained 12).
You now have 142 gold pieces (gained 10).
Found a battleaxe.
You now have 148 gold pieces (gained 6).
You now have 158 gold pieces (gained 10).
You now have 175 gold pieces (gained 17).
An acid dragon comes into view.
Found 3 stones.
A shadow imp comes into view.
Casting: Poisonous Vapours (safe; 3% risk of failure)
Confirm with . or Enter, or press ? or * to list all spells.
You can't see any susceptible monsters within range! (Use Z to cast anyway.) Unknown command.
Aiming: Sting (safe; 2% risk of failure)
Press: ? - help, Q - select action, (/) - cycle Shift-Dir - straight line, f - acid dragon
Aim: an acid dragon (76% to hit)
You miscast Sting.
You are very lightly contaminated with residual magic.
Nothing appears to happen.
The shadow imp shouts, "Back with thee, thou errant ditch-delivered socdollager!"
The acid dragon spits acid at you. The splash of acid hits you!
The acid dragon spits acid at you. The splash of acid hits you!!
Ouch! That really hurt!
You die...

.....#...o.......##...
......... .....##...
........ ....##... ...
...# #..##... ##
#.####.########..##...
...
#.#................... .
..##.#....##.....#..#####
... ...#....##.....#..# #
.....##.#..@.##.....#..#
#
.......<†..#.##.....#..#
####.....#.#.##.....#..#
#####...#.##.....#..#
###...##.)...#..#
.###...##..(..#..#
........D......#
........#.D.###.
........###.#


You could see an acid dragon (catching breath).

Vanquished Creatures
  An ogre (D:6)
  Blork the orc (D:5)
  A bullfrog (D:5)
  A howler monkey (D:5)
  A hound (D:3)
  A jelly (D:5)
  6 gnolls
  7 adders
  A shadow imp (D:5)
  A white imp (D:5)
  An ufetubus (D:5)
  4 worms
  4 orcs
  11 endoplasms
  3 giant cockroaches
  8 goblins
  8 hobgoblins
  9 jackals
  10 quokkas
  13 ball pythons
  11 bats
  3 frilled lizards
  7 kobolds
  5 rats
118 creatures vanquished.

Vanquished Creatures (others)
  3 fungi (D:3)
3 creatures vanquished.

Grand Total: 121 creatures vanquished

Notes
Turn   | Place    | Note
-------+----------+-------------------------------------------
     0 | D:1      | Zekkers the Spriggan Venom Mage began the quest for the
                  | Orb.
     0 | D:1      | Reached XP level 1. HP: 9/9 MP: 5/5
   190 | D:1      | Reached XP level 2. HP: 12/13 MP: 1/6
   403 | D:1      | Found Aculadop's General Store.
  1001 | D:1      | Reached XP level 3. HP: 16/16 MP: 3/8
  1202 | D:1      | Learned a level 2 spell: Poisonous Vapours
  1206 | D:1      | Learned a level 3 spell: Mephitic Cloud
  1509 | D:1      | Found a faded altar of an unknown god.
  1965 | D:2      | Reached XP level 4. HP: 21/21 MP: 5/9
  2249 | D:2      | Reached skill level 1 in Air Magic
  3484 | D:3      | Reached XP level 5. HP: 24/24 MP: 5/10
  3675 | D:3      | Reached skill level 5 in Stealth
  4036 | D:3      | Found a runed translucent door.
  4037 | D:3      | Noticed Crazy Yiuf
  4494 | D:1      | Bought a scroll of fear for 48 gold pieces
  4494 | D:1      | Bought a scroll of identify for 24 gold pieces
  4494 | D:1      | Bought a scroll of teleportation for 36 gold pieces
  5119 | D:4      | Reached skill level 5 in Poison Magic
  5145 | D:4      | Found a hazy altar of Hepliaklqana.
  5410 | D:4      | Found a staircase to the Ecumenical Temple.
  5420 | Temple   | Entered the Ecumenical Temple
  5461 | Temple   | Became a worshipper of Ashenzari the Shackled
  5669 | D:5      | Entered Level 5 of the Dungeon
  5773 | D:5      | Reached XP level 6. HP: 25/28 MP: 0/11
  6615 | D:5      | Noticed Blork the orc
  6635 | D:5      | Killed Blork the orc
  6636 | D:5      | Reached skill level 1 in Short Blades
  7237 | D:5      | Learned a level 4 spell: Olgreb's Toxic Radiance
  7319 | D:6      | Reached XP level 7. HP: 32/32 MP: 13/13
  7566 | D:6      | Killed from afar by an acid dragon

Illustrated notes

Levels and vault maps discovered:
D:1:      shiori_arrival_oz, layout_basic,
          hellmonk_ecumenical_altar_leap_of_faith, serial_shops, shop_fountains
D:2:      layout_basic, fountainhead, grunt_ministairs_4,
          kennysheep_generic_room_3
D:3:      layout_basic, st_stairs_12, uniq_crazy_yiuf_cottage
D:4:      layout_loops_corners, mainiacjoe_overflow_tiny_flanked, temple_hall,
          serial_park_tiny_pond
D:5:      layout_basic, uniq_blork_the_orc
D:6:      layout_basic
Temple:   hellmonk_temple_of_storms

Skill      XL: |  1  2  3  4  5  6 |
---------------+-------------------+-----
Spellcasting   | 3 |  3.9
Stealth        | 4 5 |  5.9
Poison Magic   | 4 5 |  5.8
Air Magic      | 1 2 |  2.0
Short Blades   | 3 |  3.1
Dodging        | |  2.7
Conjurations   | |  0.2
Transmutations | |  1.4

Action                   |  1- 3 |  4- 6 |  7- 9 || total
-------------------------+-------+-------+-------++-------
Melee: Unarmed           |     2 |       |       ||     2
       Punch             |     1 |       |       ||     1
       Dagger            |     4 |    55 |     5 ||    64
Throw: Dart              |     3 |     3 |       ||     6
       Stone             |     3 |       |       ||     3
 Cast: Sting             |    64 |   104 |     4 ||   172
       Poisonous Vapours |     3 |    18 |     7 ||    28
Invok: Curse Item        |       |     1 |       ||     1
  Use: Scroll            |       |    16 |       ||    16
       Potion            |       |     1 |       ||     1
 Stab: Sleeping          |     2 |    21 |       ||    23
       Distracted        |       |     3 |       ||     3
Armor: Robe              |     2 |     4 |       ||     6
Dodge: Dodged            |    23 |    48 |     5 ||    76
